 Dungeon Crawl Stone Soup version 0.21.1-1-g345015fe64 (webtiles) character file.

12088 RUZZLEFAZAZZLE the Cleaver (level 11, -22/153 HPs)
             Began as a Hill Orc Fighter on Feb 6, 2018.
             Was a High Priest of Okawaru.
             Annihilated by a titanic slime creature (92 damage)
             ... on level 11 of the Dungeon.
             The game lasted 00:38:07 (10092 turns).

RUZZLEFAZAZZLE the Cleaver (Hill Orc Fighter)      Turns: 10092, Time: 00:38:08

Health: -22/153    AC: 20    Str: 31    XL:     11   Next: 87%
Magic:  4/5        EV: 10    Int: 10    God:    Okawaru [*****.]
Gold:   72         SH: 14    Dex: 10    Spells: 10/10 levels left

rFire    . . .     SeeInvis .   x - +5 hand axe of Terra Nullius {antimagic, Int+2}
rCold    + . .     Gourm    .   c - +0 shield
rNeg     . . .     Faith    .   D - +0 plate armour {rC+}
rPois    .         Spirit   .   z - +1 helmet
rElec    .         Reflect  .   n - +2 cloak
rCorr    .         Harm     .   j - +2 pair of gloves {archery}
MR       .....                  i - +0 pair of boots
Stlth    ..........             (no amulet)
HPRegen  0.35/turn              d - +3 ring of strength
MPRegen  0.09/turn              u - ring of wizardry

@: berserking, heroism, corroded, drained, very quick
A: no striking features
a: Heroism, Finesse, Renounce Religion


You were on level 11 of the Dungeon.
You worshipped Okawaru.
Okawaru was extremely pleased with you.
You were not hungry.

You visited 2 branches of the dungeon, and saw 12 of its levels.

You collected 531 gold pieces.
You spent 459 gold pieces at shops.

Inventory:

Hand Weapons
 x - the +5 hand axe of Terra Nullius (weapon) {antimagic, Int+2}
   (You found it on level 5 of the Dungeon)

   It reduces the magical energy of the wielder, and disrupts the spells and
   magical abilities of those hit.
   Natural abilities and divine invocations are not affected.
   It affects your intelligence (+2).
Armour
 c - a +0 shield (worn)
 i - a +0 pair of boots (worn)
 j - a +2 pair of gloves of archery (worn)
 n - a +2 cloak (worn)
 z - a +1 helmet (worn)
 D - a +0 plate armour of cold resistance (worn)
Jewellery
 d - a +3 ring of strength (left hand)
 u - a ring of wizardry (right hand)
 G - an uncursed amulet of magic regeneration {unknown}
Wands
 r - a wand of flame (47)
 w - a wand of paralysis (13)
 y - a wand of iceblast (11)
 B - a wand of digging (10)
Scrolls
 a - 4 scrolls of identify
 g - 5 scrolls of teleportation
 o - a scroll of silence {unknown}
 q - 10 scrolls of remove curse
 s - 2 scrolls of amnesia
 v - a scroll of enchant armour
Potions
 b - 3 potions of magic
 e - a potion of berserk rage
 h - 12 potions of curing
 k - 4 potions of cancellation
 l - a potion of haste
 m - a potion of resistance
 p - 3 potions of heal wounds
 t - 2 potions of brilliance
 A - a potion of agility
 C - a potion of lignification
 E - a potion of ambrosia
 F - a potion of flight
Comestibles
 f - 14 rations
 H - 13 chunks of flesh


   Skills:
 + Level 11.1(15.5) Fighting
 + Level 11.6(16.0) Axes
 + Level 10.2(14.6) Armour
 + Level 10.2(14.6) Shields
 + Level 7.6(7.1) Invocations


You had 10 spell levels left.
You didn't know any spells.

Dungeon Overview and Level Annotations

Branches:
Dungeon (11/15)            Temple (1/1) D:6             Orc (0/2) D:10
   Lair: D:8-11

Altars:
Cheibriados
Dithmenos
Gozag
Kikubaaqudgha
Okawaru
Trog
Vehumet
Yredelemnul
The Shining One

Shops:
D:6 *   D:9 *[(*

Annotations:
D:6 Prince Ribbit
D:11 Nergalle


Message History

You closely miss Nergalle.
Nergalle is moderately wounded.
You slash the slime creature! You hit the titanic slime creature.
You block the titanic slime creature's attack.
You hit Nergalle.
Nergalle's magic leaks into the air.
Nergalle is heavily wounded.
You completely miss the titanic slime creature.
You slash the slime creature!
The phantom blinks!
Nergalle falters for a moment.
You barely miss Nergalle.
Nergalle is heavily wounded.
You hit the slime creature. You hit the titanic slime creature.
You block the slime creature's attack.
You block the spectral orc warrior's attack.
You completely miss Nergalle.
Nergalle is heavily wounded.
You hit the titanic slime creature. You hit the slime creature.
The titanic slime creature hits you!!!!
Ouch! That really hurt!
You die...

###..?##..##
#ยง.........#
+..........
#.........
##........
#.W...?..
#.....ZJ##
#....%.o@#
#......J##
#.......#
##......#
##......
#.....##
#.....#
....$#


You could see a titanic slime creature, a slime creature, Nergalle, a spectral
orc warrior and a phantom.

Vanquished Creatures
  5 two-headed ogres
  Pikel (D:4)
  A manticore (D:10)
  Psyche (D:8)
  A troll (D:9)
  A hippogriff (D:7)
  2 wyverns
  7 yaks (D:9)
  4 hogs (D:7)
  A human (D:7)
  Grum (D:8)
  A hungry ghost (D:8)
  2 water moccasins
  2 black bears
  4 sky beasts
  4 orc warriors
  A necrophage (D:10)
  2 phantoms (D:7)
  4 wolves
  4 ogres
  4 centaurs
  A crocodile (D:7)
  7 bullfrogs
  2 scorpions
  3 howler monkeys (D:9)
  4 wights (D:8)
  3 electric eels (D:7)
  A bullfrog zombie (D:7)
  6 crimson imps
  2 hounds
  6 jellies
  Crazy Yiuf (D:2)
  3 centaur skeletons
  8 orc priests
  2 bullfrog skeletons
  11 orc wizards
  Natasha (thrice) (D:2)
  2 iguanas
  5 worker ants
  2 killer bee zombies
  2 hound skeletons
  Robin (D:2)
  9 adders
  A shadow imp (D:6)
  A white imp (D:4)
  5 worms
  A dart slug (D:2)
  4 leopard geckos
  75 orcs
  6 giant cockroaches
  15 goblins
  9 hobgoblins
  2 quokkas
  A ball python (D:4)
  10 bats
  8 frilled lizards
  A goblin skeleton (D:4)
  A goblin zombie (D:4)
  3 hobgoblin zombies (D:4)
  A jackal skeleton (D:4)
  6 kobolds
  A kobold skeleton (D:4)
  A kobold zombie (D:4)
  A leopard gecko zombie (D:5)
  An orc skeleton (D:4)
  3 orc zombies (D:4)
  A quokka zombie (D:6)
  6 rats
301 creatures vanquished.

Vanquished Creatures (others)
  A slave (D:6)
  A necrophage (D:6)
  A worker ant (D:6)
3 creatures vanquished.

Grand Total: 304 creatures vanquished

Notes
Turn   | Place    | Note
-------+----------+-------------------------------------------
     0 | D:1      | RUZZLEFAZAZZLE the Hill Orc Fighter began the quest for the Orb.
     0 | D:1      | Reached XP level 1. HP: 19/19 MP: 1/1
   171 | D:1      | Reached XP level 2. HP: 22/27 MP: 2/2
   746 | D:2      | Reached XP level 3. HP: 33/33 MP: 3/3
   886 | D:2      | Noticed Natasha
   908 | D:2      | Killed Natasha
   908 | D:2      | Reached XP level 4. HP: 30/41 MP: 4/4
   985 | D:2      | Noticed a centaur
   993 | D:2      | Killed a centaur
   993 | D:2      | Reached XP level 5. HP: 37/47 MP: 5/5
  1229 | D:2      | Found a runed door.
  1233 | D:2      | Noticed Crazy Yiuf
  1238 | D:2      | Killed Crazy Yiuf
  1310 | D:2      | Noticed Natasha
  1316 | D:2      | Killed Natasha
  1316 | D:2      | Reached skill level 5 in Fighting
  1320 | D:2      | Reached XP level 6. HP: 55/56 MP: 6/6
  1326 | D:2      | Noticed Robin
  1341 | D:2      | Killed Robin
  1570 | D:2      | Noticed Natasha
  1587 | D:2      | Killed Natasha
  1714 | D:3      | Found an opulent altar of Gozag.
  2069 | D:3      | Reached skill level 5 in Axes
  2124 | D:4      | Found a glowing golden altar of the Shining One.
  2187 | D:4      | Reached skill level 5 in Shields
  2234 | D:3      | Reached skill level 5 in Armour
  2234 | D:3      | Reached XP level 7. HP: 33/62 MP: 7/7
  3045 | D:4      | Noticed Pikel
  3048 | D:4      | Reached XP level 8. HP: 71/71 MP: 8/8
  3065 | D:4      | Killed Pikel
  3288 | D:5      | Entered Level 5 of the Dungeon
  3364 | D:5      | Got an ancient hand axe
  3365 | D:5      | Identified the +5 hand axe of Terra Nullius {antimagic, Int+2} (You found it on level 5 of the Dungeon)
  3543 | D:5      | Got a crude leather armour
  3666 | D:5      | Reached XP level 9. HP: 80/80 MP: 3/9
  4734 | D:6      | Found a staircase to the Ecumenical Temple.
  4738 | D:6      | Noticed Prince Ribbit
  4823 | Temple   | Entered the Ecumenical Temple
  4846 | Temple   | Became a worshipper of Warmaster Okawaru
  4936 | D:6      | Found Deenub's Assorted Antiques.
  4941 | D:6      | Bought a scroll of identify for 52 gold pieces
  5402 | D:7      | Reached * piety under Okawaru
  5440 | D:7      | Reached skill level 1 in Invocations
  6393 | D:7      | Reached XP level 10. HP: 77/91 MP: 3/11
  6394 | D:7      | Reached ** piety under Okawaru
  6524 | D:8      | Noticed Psyche
  6723 | D:8      | Noticed a two-headed ogre
  6739 | D:8      | Killed a two-headed ogre
  6739 | D:8      | Reached *** piety under Okawaru
  6739 | D:8      | Reached skill level 10 in Axes
  6893 | D:8      | Noticed a two-headed ogre
  7097 | D:8      | Killed a two-headed ogre
  7104 | D:7      | Reached skill level 5 in Invocations
  7327 | D:8      | Noticed Grum
  7333 | D:8      | Reached skill level 10 in Fighting
  7346 | D:8      | Killed Grum
  7361 | D:8      | Noticed a two-headed ogre
  7584 | D:8      | Killed a two-headed ogre
  7584 | D:8      | Reached **** piety under Okawaru
  7584 | D:8      | Reached XP level 11. HP: 90/100 MP: 5/15
  8052 | D:8      | Killed Psyche
  8322 | D:9      | Noticed a two-headed ogre
  8339 | D:9      | Killed a two-headed ogre
  8339 | D:9      | Reached ***** piety under Okawaru
  8645 | D:9      | Noticed a two-headed ogre
  8668 | D:9      | Killed a two-headed ogre
  8845 | D:9      | Reached skill level 10 in Shields
  8851 | D:9      | Reached skill level 10 in Armour
  8874 | D:9      | Found Geylouq's Armour Boutique.
  8969 | D:9      | Found Ecoetaz's Weapon Emporium.
  8974 | D:9      | Found Zuylobb's Assorted Antiques.
  8982 | D:9      | Bought a potion of heal wounds for 185 gold pieces
  8982 | D:9      | Bought 2 potions of curing for 222 gold pieces
  9047 | D:9      | Found Wibuinlu's General Store.
  9288 | D:10     | Entered Level 10 of the Dungeon
  9431 | D:10     | Noticed a manticore
  9439 | D:10     | Killed a manticore
  9793 | D:10     | Found a staircase to the Orcish Mines.
 10070 | D:11     | Noticed Nergalle
 10092 | D:11     | Annihilated by a titanic slime creature

Skill      XL: |  1  2  3  4  5  6  7  8  9 10 11 |
---------------+----------------------------------+-----
Axes           | 3 4 5 6 7 9 10 11 | 11.6
Fighting       | 4 5 6 7 9 10 11 | 11.1
Armour         | 4 5 6 8 9 10 | 10.2
Shields        | 4 5 7 8 9 10 | 10.2
Invocations    | 2 5 7 |  7.6

Action                   |  1- 3 |  4- 6 |  7- 9 | 10-12 || total
-------------------------+-------+-------+-------+-------++-------
Melee: War axe           |   122 |   173 |   115 |       ||   410
       Hand axe          |       |       |   278 |   496 ||   774
Invok: Heroism           |       |       |       |     5 ||     5
Evoke: Wand              |       |       |     3 |       ||     3
  Use: Scroll            |     2 |     8 |     6 |     4 ||    20
       Potion            |       |       |     2 |     2 ||     4
 Stab: Paralysed         |       |       |     3 |       ||     3
  Eat: Chunk             |       |     5 |     8 |     6 ||    19
       Ration            |       |       |     2 |     2 ||     4
Armor: Scale mail        |    68 |    84 |   102 |       ||   254
       Plate armour      |       |       |    67 |   189 ||   256
Dodge: Dodged            |    48 |    42 |    62 |    82 ||   234
Block: Shield            |    82 |    84 |   190 |   241 ||   597
